 Dungeon Crawl Stone Soup version 0.20.1-1-g8b1a95d (webtiles) character file.

8691 Peloso the Carver (level 11, -21/84 HPs)
             Began as a Demonspawn Fighter on Aug 3, 2017.
             Was an Elder of Okawaru.
             Killed from afar by Harold (41 damage)
             ... with a bolt of fire
             ... on level 10 of the Dungeon.
             The game lasted 00:26:36 (10279 turns).

Peloso the Carver (Demonspawn Fighter)             Turns: 10279, Time: 00:26:37

Health: -21/84     AC: 23    Str: 19    XL:     11   Next: 13%
Magic:  18/20      EV:  7    Int: 11    God:    Okawaru [****..]
Gold:   548        SH: 20    Dex: 12    Spells: 10/10 levels left

rFire    . . .     SeeInvis +   a - +1 falchion
rCold    . . .     Gourm    .   J - +2 large shield
rNeg     . . .     Faith    .   G - +0 plate armour
rPois    .         Spirit   .   (helmet restricted)
rElec    .         Reflect  .   p - +1 cloak
rCorr    .         Harm     .   e - +0 pair of gloves
MR       .....                  (no boots)
Stlth    ..........             (no amulet)
Regen    0.3/turn               D - ring of magical power
MPRegen  0.2/turn               I - ring of see invisible

@: heroism
A: horns 1, icy blue scales 2, foul stench 2, spiny 2, rot immunity
a: Heroism, Renounce Religion


You were on level 10 of the Dungeon.
You worshipped Okawaru.
Okawaru was greatly pleased with you.
You were not hungry.

You visited 2 branches of the dungeon, and saw 11 of its levels.

You collected 548 gold pieces.

Inventory:

Hand Weapons
 a - a +1 falchion (weapon)
 b - a +3 dagger
 w - a +1 whip of flaming
Armour
 c - a +0 shield
 e - a +0 pair of gloves (worn)
 p - a +1 cloak (worn)
 s - a +0 chain mail
 G - a +0 plate armour (worn)
 J - a +2 large shield (worn)
Jewellery
 D - a ring of magical power (left hand)
 I - a ring of see invisible (right hand)
Wands
 C - a wand of lightning (0/15)
Scrolls
 h - 3 scrolls of blinking {unknown}
 j - 8 scrolls of remove curse {unknown}
 n - 6 scrolls of teleportation {unknown}
 r - 2 scrolls of enchant weapon {unknown}
 t - a scroll of magic mapping {unknown}
 v - 5 scrolls of amnesia {unknown}
 y - a scroll of immolation {unknown}
 A - 3 scrolls of recharging {unknown}
 B - a scroll of random uselessness {unknown}
 F - 2 scrolls of identify
 L - a scroll of holy word {unknown}
Potions
 d - 3 potions of might
 g - 6 potions of heal wounds
 k - 3 potions of haste
 l - 2 potions of magic
 m - a potion of invisibility
 o - 3 potions of lignification {unknown}
 q - 5 potions of flight {unknown}
 x - 6 potions of curing {unknown}
Books
 H - a book of Battle

   Spells                             Type                      Level
   a - Infusion                       Charms                       1
   b - Shroud of Golubria             Charms/Translocation         2
   c - Song of Slaying                Charms                       2
   d - Spectral Weapon                Hexes/Charms                 3
   e - Regeneration                   Charms/Necromancy            3
 K - a book of Maledictions

   Spells                             Type                      Level
   a - Corona                         Hexes                        1
   b - Ensorcelled Hibernation        Hexes/Ice                    2
   c - Confuse                        Hexes                        3
   d - Tukima's Dance                 Hexes                        3
   e - Dazzling Spray                 Conjuration/Hexes            3
Comestibles
 f - 11 bread rations
 i - 6 meat rations
 u - 7 fruits
 z - 6 royal jellies


   Skills:
 + Level 7.0(12.0) Fighting
 + Level 9.8(14.8) Long Blades
 + Level 8.0(13.0) Armour
 + Level 2.4(7.4) Dodging
 + Level 1.6(6.6) Stealth
 + Level 8.3(13.3) Shields
 + Level 1.0 Invocations
 + Level 0.2 Evocations


You had 10 spell levels left.
You didn't know any spells.

Dungeon Overview and Level Annotations

Branches:
Dungeon (10/15)            Temple (1/1) D:5
   Lair: D:8-11         Orc: D:9-12

Altars:
Ashenzari
Cheibriados
Dithmenos
Elyvilon
Fedhas
Gozag
Kikubaaqudgha
Makhleb
Nemelex Xobeh
Okawaru
Qazlal
Ru
Sif Muna
Trog
Vehumet
Xom
Zin
The Shining One
Jiyva

Shops:
D:5 %

Annotations:
D:6 2 transporters, exclusion: statue
D:10 Harold


Innate Abilities, Weirdness & Mutations

You have a pair of small horns on your head.
You are mostly covered in icy blue scales. (AC +3)
You frequently emit foul miasma when damaged in melee.
You are mostly covered in sharp spines.
You are immune to rotting.


Message History

Harold says, "Do you have any idea what people are willing to pay to have you killed, Peloso?"
Harold gestures at you while chanting. The bolt of fire hits you!
You hit Harold.
Harold is severely wounded.
Harold gestures wildly while chanting.
Harold blinks!
Harold points at you and mumbles some strange words.
The bolt of fire hits you!
* * * LOW HITPOINT WARNING * * *
You closely miss Harold. You headbutt Harold.
Harold is severely wounded.
Harold gestures at you while chanting. The bolt of fire hits you!
* * * LOW HITPOINT WARNING * * *
Unknown command.
You gain the combat prowess of a mighty hero.
Harold gestures at you while chanting. The bolt of fire hits you!
You die...

##....#)...# #..#
#.........## #..##
#........## #...## ####
#....#..## #....###..##
#.......######..........#
##...................####
##.....(........#####
##...(........##
#.....ยง@.....#
#.......@....##
#...#.....###..#
#.####...## ##.## #.#
#....## ##.## #.# #.....#
##.### ..# ##.##..##
#...##### .#
#..###..#####.(....# #.##
##...###......##


You could see Harold.

Vanquished Creatures
  The ghost of sheala the Reanimator, a novice HONe of Beogh (D:9)
  A two-headed ogre (D:9)
  An unseen horror (D:10)
  Pikel (D:5)
  A troll (D:9)
  A hippogriff (D:9)
  3 slime creatures (D:10)
  3 wraiths
  A human (D:9)
  A yak (D:9)
  A hungry ghost (D:9)
  3 hogs (D:9)
  A water moccasin (D:9)
  2 orc warriors (D:9)
  An ice beast (D:8)
  A sky beast (D:10)
  3 ogres
  4 centaurs
  A crocodile (D:10)
  5 bullfrogs
  3 scorpions
  A water moccasin skeleton (D:8)
  9 killer bees
  2 howler monkeys
  A troll skeleton (D:7)
  11 wights
  A bullfrog zombie (D:5)
  4 crimson imps
  A quasit (D:8)
  2 centaur zombies
  6 hounds
  A jelly (D:9)
  3 bullfrog skeletons
  2 human zombies (D:7)
  7 orc priests
  11 orc wizards
  A centaur skeleton (D:10)
  2 iguanas
  5 worker ants
  A hound zombie (D:8)
  4 mummies (D:7)
  A howler monkey skeleton (D:9)
  6 gnolls
  14 adders
  A shadow imp (D:10)
  2 oozes
  2 adder skeletons
  An adder zombie (D:8)
  A dart slug (D:1)
  5 leopard geckos
  41 orcs
  9 bats
  5 giant cockroaches
  13 goblins
  11 hobgoblins
  9 jackals
  5 quokkas
  3 ball pythons
  6 frilled lizards
  23 kobolds
  A leopard gecko skeleton (D:4)
  An orc skeleton (D:7)
  4 rats
278 creatures vanquished.

Vanquished Creatures (others)
  An orc wizard (D:5)
  2 gnolls (D:5)
  A shadow imp (D:5)
4 creatures vanquished.

Grand Total: 282 creatures vanquished

Notes
Turn   | Place    | Note
-------+----------+-------------------------------------------
     0 | D:1      | Peloso the Demonspawn Fighter began the quest for the Orb.
     0 | D:1      | Reached XP level 1. HP: 18/18 MP: 1/1
   164 | D:1      | Gained mutation: You are immune to rotting. [demonic ancestry]
   164 | D:1      | Reached XP level 2. HP: 23/24 MP: 2/2
   268 | D:1      | Reached skill level 2 in Long Blades
   648 | D:2      | Gained mutation: You are partially covered in sharp spines. [demonic ancestry]
   648 | D:2      | Reached XP level 3. HP: 24/29 MP: 3/3
  1169 | D:2      | Found a glowing silver altar of Zin.
  1238 | D:2      | Found a stormy altar of Qazlal.
  1301 | D:2      | Reached XP level 4. HP: 33/36 MP: 4/4
  1695 | D:3      | Found a sparkling altar of Nemelex Xobeh.
  2191 | D:3      | Reached skill level 1 in Dodging
  2191 | D:3      | Gained mutation: You have a pair of small horns on your head. [demonic ancestry]
  2191 | D:3      | Reached XP level 5. HP: 40/42 MP: 5/5
  2379 | D:3      | Found a stormy altar of Qazlal.
  2439 | D:3      | Reached skill level 3 in Long Blades
  2796 | D:4      | Gained mutation: You may emit foul miasma when damaged in melee. [demonic ancestry]
  2796 | D:4      | Reached XP level 6. HP: 18/48 MP: 6/6
  3161 | D:4      | Found a deep blue altar of Sif Muna.
  3175 | D:4      | Reached skill level 4 in Long Blades
  3491 | D:4      | Gained mutation: You are partially covered in icy blue scales. (AC +2) [demonic ancestry]
  3491 | D:4      | Reached XP level 7. HP: 49/54 MP: 7/7
  3567 | D:5      | Entered Level 5 of the Dungeon
  3567 | D:5      | Noticed Pikel
  3588 | D:5      | Killed Pikel
  3588 | D:5      | Reached skill level 5 in Long Blades
  3588 | D:5      | Reached skill level 1 in Stealth
  3591 | D:5      | Found a staircase to the Ecumenical Temple.
  3617 | Temple   | Entered the Ecumenical Temple
  3630 | Temple   | Became a worshipper of Warmaster Okawaru
  3726 | D:5      | Gained mutation: You are mostly covered in sharp spines. [demonic ancestry]
  3726 | D:5      | Reached XP level 8. HP: 51/61 MP: 8/8
  3793 | D:5      | Reached skill level 6 in Long Blades
  3856 | D:5      | Found Usseu's Food Emporium.
  4509 | D:6      | Reached skill level 5 in Shields
  4538 | D:6      | Reached skill level 5 in Fighting
  4581 | D:6      | Found a radiant altar of Vehumet.
  4653 | D:6      | Reached * piety under Okawaru
  4655 | D:6      | Reached skill level 5 in Armour
  4885 | D:6      | Found a glowing golden altar of the Shining One.
  4885 | D:6      | Noticed a kobold demonologist
  4886 | D:6      | Noticed a red ugly thing
  4894 | D:6      | Found a transporter.
  4909 | D:6      | Found a transporter.
  4919 | D:6      | Reached skill level 7 in Long Blades
  5028 | D:6      | Gained mutation: You are mostly covered in icy blue scales. (AC +3) [demonic ancestry]
  5028 | D:6      | Reached XP level 9. HP: 34/68 MP: 9/9
  5336 | D:6      | Found a sacrificial altar of Ru.
  5680 | D:7      | Found a shattered altar of Ashenzari.
  5698 | D:7      | Found a blossoming altar of Fedhas.
  5977 | D:7      | Found an ancient bone altar of Kikubaaqudgha.
  6510 | D:8      | Reached ** piety under Okawaru
  7148 | D:8      | Reached skill level 8 in Long Blades
  7286 | D:8      | Found a bloodstained altar of Trog.
  7424 | D:9      | Found a bloodstained altar of Trog.
  7465 | D:9      | Noticed a troll
  7496 | D:9      | Killed a troll
  7496 | D:9      | Gained mutation: You frequently emit foul miasma when damaged in melee. [demonic ancestry]
  7496 | D:9      | Reached XP level 10. HP: 18/76 MP: 10/10
  8187 | D:9      | Found a shadowy altar of Dithmenos.
  8327 | D:9      | Reached *** piety under Okawaru
  8392 | D:9      | Noticed a two-headed ogre
  8408 | D:9      | Reached skill level 9 in Long Blades
  8459 | D:9      | Noticed sheala's ghost (novice HONe)
  8480 | D:9      | Killed sheala's ghost
  8766 | D:9      | Killed a two-headed ogre
  8766 | D:9      | Reached skill level 1 in Invocations
  9068 | D:10     | Entered Level 10 of the Dungeon
  9139 | D:10     | Noticed an unseen horror
  9153 | D:10     | Killed an unseen horror
  9153 | D:10     | Reached **** piety under Okawaru
  9457 | D:10     | Reached XP level 11. HP: 83/83 MP: 11/11
  9542 | D:10     | Noticed Harold
 10279 | D:10     | Killed from afar by Harold

Skill      XL: |  1  2  3  4  5  6  7  8  9 10 11 |
---------------+----------------------------------+-----
Long Blades    | 2 3 4 5 7 8 9 |  9.8
Shields        | 3 4 5 6 8 |  8.3
Armour         | 3 4 5 6 7 8 |  8.0
Fighting       | 4 5 6 7 |  7.0
Dodging        | 1 2 |  2.4
Stealth        | 1 |  1.6
Invocations    | 1 |  1.0
Evocations     | |  0.2

Action                   |  1- 3 |  4- 6 |  7- 9 | 10-12 || total
-------------------------+-------+-------+-------+-------++-------
Melee: Long sword        |   101 |   146 |   354 |   104 ||   705
       Headbutt          |       |    12 |    66 |    91 ||   169
       Falchion          |       |       |       |   204 ||   204
Invok: Heroism           |       |       |     1 |     4 ||     5
Evoke: Wand              |       |       |     1 |       ||     1
  Use: Scroll            |       |       |     3 |       ||     3
       Potion            |       |       |     1 |       ||     1
  Eat: Chunk             |     1 |     7 |    11 |    11 ||    30
       Fruit             |       |       |     3 |       ||     3
Armor: Scale mail        |    39 |    16 |       |       ||    55
       Chain mail        |       |    75 |   201 |    35 ||   311
       Plate armour      |       |       |       |    92 ||    92
Dodge: Dodged            |    27 |    36 |    83 |    37 ||   183
Block: Shield            |    51 |   116 |   201 |    91 ||   459
       Large shield      |       |       |       |   120 ||   120
       Rpst.: Long sword |    11 |     8 |    20 |     6 ||    45
       Falchion          |       |       |       |     5 ||     5
